Cogmind - Beta 13 @@@ ROGUE MODE // 2024.04.01 @ 13:41:11 Player: gabr Result: Destroyed by as-78248 with Assembled Rifle Performance ------------- Evolutions (0) 0 Regions Visited (2) 400 Robots Destroyed (7) 35 Value Destroyed (113) 113 Prototype IDs (0) 0 Alien Tech Used (0) 0 Bonus (-123) -123 TOTAL SCORE: 425 Bonus ------- Friendly Fire -123 Cogmind --------- Core Integrity 0/250 Matter 130/300 Energy 242/250 System Corruption 0% Temperature Cool (47) Movement Walking (190) Ox1 Location -10/Mines Parts ------- > --- POWER (1) -------- Ion Engine > --- PROPULSION (2) --- Aluminum Leg Aluminum Leg > --- UTILITY (2) ------ Large Storage Unit Terrain Scanner > --- WEAPON (2) ------- Small Laser Grenade Launcher > --- INVENTORY (15) --- Ion Engine Light Ion Engine Light Nuclear Core Aluminum Leg Wheel Wheel Small Storage Unit Small Laser Welding Torch Peak State ------------ > --- POWER ------------ Ion Engine > --- PROPULSION ------- Aluminum Leg Aluminum Leg > --- UTILITY ---------- Large Storage Unit Terrain Scanner > --- WEAPON ----------- Assault Rifle Light Assault Rifle > --- INVENTORY -------- Ion Engine Light Ion Engine Aluminum Leg Aluminum Leg Aluminum Leg Small Storage Unit Small Laser Small Laser Grenade Launcher Welding Torch [Rating: 8] Favorites ----------- Power Ion Engine Engine Ion Engine Propulsion Aluminum Leg Leg Aluminum Leg Utility Large Storage Unit Device Terrain Scanner Storage Large Storage Unit Weapon Assault Rifle Energy Gun Small Laser Ballistic Gun Assault Rifle Launcher Grenade Launcher Build | -11 -10 -10 ------- Run | Yrd Mat Min Slots Evolved . | . . . Power . | . . . Propulsion . | . . . Utility . | . . . Weapon . | . . . Parts Attached 19 | 7 6 6 Power 3 | 1 . 2 Engine 3 | 1 . 2 Core . | . . . Reactor . | . . . Propulsion 7 | 2 3 2 Treads . | . . . Leg 7 | 2 3 2 Wheel . | . . . Hover . | . . . Flight . | . . . Utility 3 | 1 2 . Device 1 | . 1 . Storage 2 | 1 1 . Processor . | . . . Hackware . | . . . Protection . | . . . Artifact . | . . . Weapon 6 | 3 1 2 Energy Gun 2 | 1 . 1 Energy Cannon . | . . . Ballistic Gun 3 | 2 1 . Ballistic Cannon . | . . . Launcher 1 | . . 1 Special Weapon . | . . . Impact Weapon . | . . . Slashing Weapon . | . . . Piercing Weapon . | . . . Special Melee Weapon . | . . . Unidentified Prototypes . | . . . Parts Lost 5 | . . 5 Power 1 | . . 1 Propulsion 2 | . . 2 Utility . | . . . Weapon 2 | . . 2 Highest Loss Streak 5 | . . 5 To Critical Strikes . | . . . Average Slot Usage (%) 92 | . 93 92 Engine 13 | . 14 12 Leg 26 | . 28 24 Device 10 | . 7 14 Storage 14 | . 14 14 Energy Gun 2 | . . 4 Ballistic Gun 22 | . 27 15 Launcher 2 | . . 5 Naked Turns . | . . . Heaviest Build 30 | 13 29 30 Greatest Support 20 | 20 20 20 Greatest Overweight (x) 7 | . 1 7 Average Overweight (x) . | . . 1 Largest Inventory Capacity 15 | 8 15 15 Average Capacity 14 | 7 14 15 Most Carried 14 | 2 9 14 Average Carried 7 | 1 6 11 Final Capacity 15 | 8 15 15 Final Carried 9 | 2 9 9 Class Distribution -------------------- 100% | Mutant Dominant Class ---------------- Mutant | -10/Materials Mutant | -10/Mines Resources | -11 -10 -10 ----------- Run | Yrd Mat Min Matter Collected 414 | 185 217 12 Remotely . | . . . Salvage Created 271 | . 200 71 Parts 17 | . 10 7 Haulers Intercepted . | . . . Recyclers Shooed 1 | . 1 . Parts Field Recycled . | . . . Retrieved Matter . | . . . Parts Self-Destructed . | . . . Prevented . | . . . Kills | -11 -10 -10 ------- Run | Yrd Mat Min Combat Hostiles Destroyed 9 | . 2 7 Guns 4 | . 2 2 AOE 5 | . . 5 Classes Destroyed 6 | . 4 2 Builder 2 | . 1 1 Recycler 1 | . 1 . Operator 1 | . 1 . Grunt 2 | . 2 . Assembled 7 | . . 7 Guerrilla 1 | . . 1 Best Kill Streak 3 | . 2 3 Combat Bots Only 3 | . 2 3 Max Kills in Single Turn 2 | . 1 2 Gunslinging . | . . . Exploded 2 | . . 2 Melee . | . . . Uniques/NPCs Destroyed . | . . . Combat | -11 -10 -10 -------- Run | Yrd Mat Min Hostile Shots Fired 60 | . 23 37 Missed 21 | . 12 9 Damage Taken 927 | . 147 780 Core 259 | . . 259 Absorbed by Shields . | . . . Core Remaining (%) 100 | 100 . . Volleys Fired 37 | . 19 18 Largest 2 | . 2 2 Hottest 70 | . 40 70 Shots Fired 65 | . 38 27 Gun 53 | . 38 15 Cannon . | . . . Launcher 12 | . . 12 Special . | . . . Kinetic 42 | . 38 4 Thermal 11 | . . 11 Explosive 12 | . . 12 Electromagnetic . | . . . Robot Hit Streak 6 | . 6 3 Robot Miss Streak 7 | . 7 3 Penetration Max . | . . . Secondary Targets 1 | . 1 . Max Gunslinging Chain 1 | . 1 . Shots Hit Robots 29 | . 17 12 Core Hits 35 | . 12 23 Critical Kills . | . . . Critical Parts Destroyed . | . . . Critical Strikes . | . . . Melee Attacks . | . . . Impact . | . . . Slashing . | . . . Piercing . | . . . Sneak Attacks . | . . . Combat Hostiles . | . . . Follow-up Attacks . | . . . Damage Inflicted 631 | . 199 432 Guns 267 | . 199 68 Cannons . | . . . Explosions 364 | . . 364 Melee . | . . . Ramming . | . . . Kinetic 213 | . 199 14 Thermal 54 | . . 54 Explosive 364 | . . 364 Electromagnetic . | . . . Impact . | . . . Slashing . | . . . Piercing . | . . . Highest Corruption . | . . . Average Corruption . | . . . Corruption Purged . | . . . Corruption Blocked . | . . . Overload Shots . | . . . Overflow Damage . | . . . Projectiles . | . . . Explosions . | . . . Melee . | . . . Knockbacks . | . . . Impact . | . . . Kinetic . | . . . Secondary . | . . . Self-Inflicted Damage 36 | . . 36 Shots 2 | . . 2 Rammed . | . . . Targets Rammed . | . . . Kicked . | . . . Crushed . | . . . Highest Temperature 47 | . 16 47 Average Temperature 11 | . 7 14 Received Heat Transfer 101 | . 81 20 Siege Activations . | . . . Robots Corrupted . | . . . Combat Hostiles . | . . . Parts Fried . | . . . Impact Corruptions . | . . . Robots Melted . | . . . Combat Hostiles . | . . . Parts Melted . | . . . Heat Transferred 125 | . . 125 Parts Sabotaged . | . . . Parts Stolen . | . . . Parts Stripped . | . . . Power Chain Reactions . | . . . Alert | -11 -10 -10 ------- Run | Yrd Mat Min Peak Influence 65 | . 65 60 Initial 25 | . . 25 Average 42 | . 50 40 Maximum Alert Level . | . . . Low Security (%) 100 | 100 100 100 Level 1 . | . . . Level 2 . | . . . Level 3 . | . . . Level 4 . | . . . Level 5 . | . . . High Security . | . . . Max Security . | . . . Squads Dispatched 1 | . 1 . Investigation . | . . . Extermination . | . . . Reinforcement 1 | . 1 . Assault . | . . . Garrison . | . . . Intercept . | . . . Searches Triggered . | . . . Construction Impeded . | . . . Haulers Reinforced . | . . . Active Scanning Responses . | . . . Cargo Convoy Interrupts . | . . . Stealth | -11 -10 -10 --------- Run | Yrd Mat Min Distress Signals 1 | . 1 . Communications Jammed . | . . . Distress Signals . | . . . Times Spotted 27 | . 3 24 Peak Tracking Total 10 | . 2 10 Tactical Retreats 3 | . . 3 Traps | -11 -10 -10 ------- Run | Yrd Mat Min Traps Triggered . | . . . Indirectly . | . . . Trap Hack Attempts . | . . . Triggered . | . . . Disarmed . | . . . Reprogrammed . | . . . Reused . | . . . Traps Extracted . | . . . Installed . | . . . Triggered . | . . . Machines | -11 -10 -10 ---------- Run | Yrd Mat Min Machines Disabled . | . . . Max in Single Turn . | . . . Machines Repaired . | . . . Machines Dismantled . | . . . Machines Sabotaged . | . . . Overloaded Fab Kills . | . . . Hacking | -11 -10 -10 --------- Run | Yrd Mat Min Machines Accessed . | . . . Terminals . | . . . Fabricators . | . . . Repair Stations . | . . . Recycling Units . | . . . Scanalyzers . | . . . Garrison Access . | . . . Total Hacks . | . . . Successful . | . . . Failed . | . . . Catastrophic . | . . . Database Lockouts . | . . . Manual . | . . . Terminals . | . . . Fabricators . | . . . Repair Stations . | . . . Recycling Units . | . . . Scanalyzers . | . . . Garrison Access . | . . . Terminal Hacks . | . . . Fabricator Hacks . | . . . Repair Station Hacks . | . . . Recycling Unit Hacks . | . . . Scanalyzer . | . . . Garrison Access Hacks . | . . . Unauthorized Hacks . | . . . Terminals . | . . . Fabricators . | . . . Repair Stations . | . . . Recycling Units . | . . . Scanalyzers . | . . . Garrison Access . | . . . Data Cores Recovered . | . . . Used . | . . . Hacking Detections . | . . . Full Trace Events . | . . . Feedback Events . | . . . Feedback Blocked . | . . . Robot Schematics Acquired . | . . . Robots Built . | . . . Authchips . | . . . Time . | . . . Total Robot Build Rating . | . . . Part Schematics Acquired . | . . . Parts Built . | . . . Authchips . | . . . Time . | . . . Total Part Build Rating . | . . . Parts Repaired . | . . . Time . | . . . Parts Recycled . | . . . Recycled Matter . | . . . Retrieved Matter . | . . . Retrieved Components . | . . . Parts Scanalyzed . | . . . Part Schematics Acquired . | . . . Parts Damaged . | . . . Bothacking | -11 -10 -10 ------------ Run | Yrd Mat Min Used RIF Installer . | . . . Robots Hacked . | . . . Non-combat . | . . . Combat . | . . . Robot Hacks Applied . | . . . Relay Couplers Released . | . . . Fabnet Peak Effective % . | . . . Robots Rewired . | . . . Allies Hacked . | . . . Hacks Repelled . | . . . Allies | -11 -10 -10 -------- Run | Yrd Mat Min Total Allies . | . . . Largest Group . | . . . Highest-Rated Group . | . . . Highest-Rated Ally . | . . . Total Orders . | . . . Ally Attacks . | . . . Total Damage . | . . . Kills . | . . . Allies Corrupted . | . . . Allies Melted . | . . . Intel | -11 -10 -10 ------- Run | Yrd Mat Min Robot Analysis Total . | . . . Derelict Logs Recovered . | . . . Drone Launches . | . . . Drone Recoveries . | . . . Exploration | -11 -10 -10 ------------- Run | Yrd Mat Min Turns Passed 700 | 61 382 257 Spaces Moved 306 | 43 172 91 Core 6 | 2 . 4 Treads . | . . . Legs 300 | 41 172 87 Wheels . | . . . Hover . | . . . Flight . | . . . Fastest Speed 50 | 50 120 190 Average Speed 179 | 116 183 199 Slowest Speed 400 | 120 190 400 Overloaded Moves . | . . . Propulsion Burnouts . | . . . Robots Hopped . | . . . Cave-ins Triggered . | . . . Exploration Rate (%) 16 | 3 26 21 Regions Visited 2 Branch Regions 1 Pre-discovered Areas . | . . . Known Exits Taken . | . . . Unknown Exits Taken 2 | 1 1 . Scrap Searched . | . . . Spaces Dug . | . . . Terrain Destroyed 47 | . . 47 Melee . | . . . Projectile . | . . . AOE 47 | . . 47 Terrain Rammed . | . . . Walls Destroyed . | . . . Machines Disabled . | . . . Actions | -11 -10 -10 --------- Run | Yrd Mat Min Total 394 | 50 202 142 Wait 24 | . 1 23 Move 304 | 42 171 91 Hop . | . . . Pick Up 8 | 1 3 4 Fast Attach 8 | 6 2 . Attach 6 | . 1 5 Detach 2 | . 2 . Swap 5 | 1 3 1 Drop . | . . . Fire 37 | . 19 18 Melee . | . . . Ram . | . . . Kick . | . . . Crush . | . . . Escape Stasis . | . . . Rewire . | . . . Trap . | . . . Miscellaneous . | . . . Route ------- -11/Scrapyard -10/Materials -10/Mines (discovered 2 exits: [*Mat x2]) History --------- Turn | Location | Event 29 | -11/Scrapyard | Discovered new exit (range 15) 62 | -11/Scrapyard | Entered Materials 200 | -10/Materials | Discovered new exit (range 8) 232 | -10/Materials | Met 8R-AWN 316 | -10/Materials | Build established: Mutant 444 | -10/Materials | Entered Mines 444 | -10/Mines | Discovered new exit (range 13) 446 | -10/Mines | Followed 8R-AWN into the Mines 571 | -10/Mines | Assembled infested the area 576 | -10/Mines | Assisted by a Guerilla fighting off Assembled 586 | -10/Mines | Discovered new exit (range 13) 595 | -10/Mines | Core integrity fell below 50% 624 | -10/Mines | Lost 5 parts (1p2n2w) 688 | -10/Mines | Core integrity fell below 20% 701 | -10/Mines | Destroyed by as-78248 with Assembled Rifle Last Messages --------------- 00650_ U-05 Engineer builds a Wall. 00651_ The unstable cave ceiling collapses. 00651_ U-05 Engineer lays Concrete. 00652_ The unstable cave ceiling collapses. 00652_ U-05 Engineer lays Concrete. 00653_ U-05 Engineer builds a Wall. 00658_ The unstable cave ceiling collapses. 00658_ U-05 Engineer builds a Wall. 00659_ K-01 Serf collects debris. 00661_ The unstable cave ceiling collapses. 00663_ U-05 Engineer lays Concrete. 00665_ U-05 Engineer builds a Wall. 00674_ U-05 Engineer lays Concrete. 00676_ U-05 Engineer builds a Wall. 00685_ U-05 Engineer lays Concrete. 00687_ U-05 Engineer destroyed. 00688_ as-25761 destroyed. 00694_ The unstable cave ceiling collapses. 00701_ as-39560 destroyed. 00701_ as-03341 destroyed. Map ----- +----------------------------------------------------+ | ?????????????????????????????????????????????????? | | ?????????????????????????????????????????????????? | | ?????????????????????????????????????????????????? | | ?????????????????????????????????????????????????? | | ?????????????????????????????????????????????????? | | ?????????????????????????????????????????????????? | | ?????????????????????????????????????????????????? | | ?????????????????????????????????????????????????? | | ?????????????????????????????????????????????????? | | ?????????????????????????????????????????????????? | | ?????????????????????????????????????????????????? | | ?????????????????????????????????????????????????? | | ?????????????????????????????????????????????????? | | ?????????????????????????????????????????????????? | | ?????????????????????????????????????????????????? | | ?????????????????????????????????????????????????? | | ???????????? ? ??????????????????????????????????? | | ????????????# ???????#??????#????????????????????? | | ????????????# ??????????????????????????????????? | | ????????????? ??????????????????????????????????? | | ?????????????# #?#?????######??????????#????????? | | ?????????????# #?????### #???????????????????? | | ?????????????# ?????## #???????????????????? | | ???????????#??# ?#?## #####??##??#???????#? | | ???????????????# ##?# ##??#????#?#?#? | | ???????????????# ### @ #????????????? # | | ???????????????# #????????????? # | | ???????????#???## % [a #??#?###?????# # | | ????????????????# ###### ##????# # | | ????????????????# %= % ## < #????# # | | ????????????????#### a #????## | | ???????????????????### % %#### ##???## | | ?????????????? ?#????# ##???## | | ?????????????????????# != #????# | | ?????????????????????## #####%#### # #???# | | ????????????# # ## ## ## ##????# # | | ?????????????????# %= # # #?#??## ## | | ?????????????????# =# # # ##??### < | | ?????????????????## %# # # ##???## %% | | ??????????????????## = ## # # % ######### =### | | ???????????????????## #?## # # #?? | | ??????????????????#?##???#### ############ ##?? | | ???????????????????????????## #?#???#?####??? | | ???????????????????????#??#### ####??????????????# | | ?????????????????????????????##????????????????#?? | | ?????????????????????#????????????????????????#?#? | | ???????????????????????#??????##??????#????????#?? | | | | | | | +----------------------------------------------------+ Best States ------------- Heat Dissipation 25 Energy Generation 10 Energy Capacity 250 Matter Stores 300 Matter Capacity 300 Sight Range 16 Terrain Scan Range 14 Terrain Scan Density 10 Evasion (%) 55 Item Schematics ----------------- None Robot Schematics ------------------ None Fabricated ------------ Nothing Alien Tech Used ----------------- None Achievements -------------- None Challenges ------------ None Game ------ Seed DecoyNavigationWell Manual? 0 Play Time 00:06:51 Cumulative 36.3 hours Start 2024.04.01 @ 13:29:06 End 2024.04.01 @ 13:41:11 Sessions 1 Manual Loads 0 Difficulty Rogue Special Mode None Game No. 82 Rogue 82 Adventurer 0 Explorer 0 Win Type - Total 0 Types 0/0/0/0/0/0/0/0/0 Lore% 20 Gallery% 29 Achievement% 25 Wizard Run 0 Options --------- Layout 0 ASCII 0 Keyboard 1 Movement Numpad Keybinds 0 Fullscreen 1 Font 18/X11 Map View 76x50 Zoom Use 0% Tactical HUD 1 Map Filters NONE Filters NONE Steam 1 RUN: cc50d8a3-a849-4802-93e1-63aba3d7f70a